 Dungeon Crawl Stone Soup version 0.26-a0-695-g987792ac36 (webtiles) character file.

Game seed: 1077984011917370201

47 marklar909 the Chopper (level 3, 0/33 HPs)
             Began as a Hill Orc Monk on Oct 26, 2020.
             Slain by a worm (8 damage)
             ... on level 1 of the Dungeon.
             The game lasted 00:01:35 (1971 turns).

marklar909 the Chopper (Hill Orc Monk)              Turns: 1971, Time: 00:01:36

Health: 0/33       AC:  2    Str: 12 (14) XL:     3   Next: 70%
Magic:  3/3        EV: 12    Int:  9 (10) God:
Gold:   43         SH:  0    Dex: 10 (13) Spells: 2/2 levels left

rFire    . . .     SeeInvis .   a - +0 hand axe
rCold    . . .     Faith    .   (no shield)
rNeg     . . .     Spirit   .   b - +0 robe
rPois    .         Reflect  .   (no helmet)
rElec    .         Harm     .   (no cloak)
rCorr    .         Rampage  .   (no gloves)
MR       .....                  (no boots)
Stlth    ++........             (no amulet)
HPRegen  0.11/turn              (no ring)
MPRegen  0.08/turn              (no ring)

@: no status effects
A: no striking features
a: no special abilities


You were on level 1 of the Dungeon.
You visited 1 branch of the dungeon, and saw 2 of its levels.

You collected 43 gold pieces.

Inventory:

Hand Weapons
 a - a +0 hand axe (weapon)
Armour
 b - a +0 robe (worn)
Jewellery
 f - a +6 ring of dexterity {unknown}
 n - an uncursed ring of flight {unknown}
Scrolls
 d - a scroll of blinking {unknown}
 e - a scroll of teleportation {unknown}
 g - a scroll of amnesia {unknown}
 j - a scroll of identify {unknown}
 m - a scroll of fear {unknown}
Potions
 k - a potion of cancellation {unknown}
 l - a potion of heal wounds {unknown}


   Skills:
 + Level 4.3 Fighting
 + Level 4.8 Axes
 + Level 2.8 Dodging
 + Level 1.8 Stealth


You had 2 spell levels left.
You didn't know any spells.
Your spell library was empty.

Dungeon Overview and Level Annotations

Branches:
Dungeon (2/15)

Altars:


Message History

You closely miss the hobgoblin. The hobgoblin hits you with a +0 club.
You hit the hobgoblin but do no damage.
The hobgoblin is severely wounded.
You hit the worm. The worm bites you! The hobgoblin completely misses you.
You hit the hobgoblin.
You kill the hobgoblin!
You hit the worm but do no damage. The worm bites you but does no damage.
Things that are here:
a +0 club; a hobgoblin corpse You start resting.
A worm is nearby!
A worm is nearby!
The worm bites you!
* * * LOW HITPOINT WARNING * * *
You hit the worm.
The worm is lightly wounded.
You hit the worm but do no damage.
The worm is lightly wounded.
The worm bites you!
You die...

###########
#.# #.##.#
..........#
#.# #.##.#
#########.#
#.# #.##.#
#.#
#.####.##.#
#.#
#.#....##.#
#.#
#.#.#####.#
#†# #.#.#
#.# #.#
#.#w# #.#
#.# #.#@#
#.# #.#
#.#.#####.#
##.#
#.........#
#..#
###.#######
####.##
#...#####
#.)..#
#.#.....#
#.####
#...###.#
#)# #####
#.# #.# #.#


You could see a worm.

Vanquished Creatures
  An adder (D:2)
  A dart slug (D:1)
  4 bats (D:1)
  A giant cockroach (D:1)
  3 goblins (D:1)
  8 hobgoblins (D:1)
  4 jackals (D:1)
  5 kobolds (D:1)
  4 rats (D:1)
31 creatures vanquished.

Notes
Turn   | Place    | Note
-------+----------+-------------------------------------------
     0 | D:1      | marklar909 the Hill Orc Monk began the quest for the Orb.
     0 | D:1      | Reached XP level 1. HP: 19/19 MP: 1/1
   157 | D:1      | Reached XP level 2. HP: 27/27 MP: 2/2
   671 | D:1      | Reached XP level 3. HP: 30/33 MP: 3/3
  1971 | D:1      | Slain by a worm

Illustrated notes

Levels and vault maps discovered:
D:1:      moated_graveyard_arrival, layout_loops_ring
D:2:      layout_rooms

Skill      XL: |  1  2 |
---------------+-------+-----
Fighting       | 4 |  4.3
Axes           | |  4.8
Dodging        | |  2.8
Stealth        | |  1.8

Action                   || total
-------------------------++-------
Melee: Hand axe          ||   131
  Use: Potion            ||     3
 Stab: Sleeping          ||     3
Armor: Robe              ||    21
Dodge: Dodged            ||   114

Table legend: (Time is in decaauts)
 A = Elapsed time spent in this place.
 B = Non-inter-level travel time spent in this place.
 C = Inter-level travel time spent in this place.
 D = Time resting spent in this place.
 E = Time spent auto-exploring this place.
 F = Levels seen in this place.
 G = Mean time per level.
                   A        B        C        D        E       F      G
               +--------+--------+--------+--------+--------+-----+--------+
         Total |   1981 |   1949 |     32 |    612 |   1017 |   2 |  990.5 |
       Dungeon |   1981 |   1949 |     32 |    612 |   1017 |   2 |  990.5 |
               +--------+--------+--------+--------+--------+-----+--------+

Top non-repeatable levels by time:
     D:1: 1905 daAuts
     D:2: 75 daAuts
